 Dungeon Crawl Stone Soup version 0.29-a0-830-gcb1280458a (webtiles) character file.

Game seed: 2004661324894615912

1088 RBrandon the Magician (level 8, -4/58 HPs)
             Began as a Djinni Air Elementalist on July 12, 2022.
             Was a Follower of Cheibriados.
             Slain by an orc warrior
             ... wielding a +0 long sword
              (19 damage)
             ... on level 6 of the Dungeon.
             The game lasted 00:10:25 (6544 turns).

RBrandon the Magician (Djinni Air Elementalist)     Turns: 6544, Time: 00:10:26

Health: -4/58      AC:  3    Str:  9 (10) XL:     8   Next: 56%
Gold:   338        EV: 14    Int: 21 (22) God:    Cheibriados [*.....] SH:  0 Dex: 17

rFire   + + .      SeeInvis .   h - +1 short sword (venom)
rCold   x . .      Faith    .   (no shield)
rNeg    . . .      Spirit   .   a - +0 robe
rPois   ∞          Reflect  .   (no helmet)
rElec   .          Harm     .   (no cloak)
rCorr   .          Rampage  .   b - +0 pair of gloves
Will    .....                   (boots unavailable)
Stlth   ++........              (no amulet)
HPRegen 0.19/turn               (no ring)
MPRegen 0.00/turn               (no ring)

@: flying, very slow
A: sickness immunity, fire resistance 2, cold vulnerability 1, float, innate
caster, HP casting, extra vitality 1
a: Renounce Religion, Bend Time


You were on level 6 of the Dungeon.
You worshipped Cheibriados.
Cheibriados was aware of your devotion.
You visited 1 branch of the dungeon, and saw 6 of its levels.

You collected 338 gold pieces.

Inventory:

Hand Weapons
 h - a +1 short sword of venom (weapon)
   (You took it off a kobold on level 1 of the Dungeon)
 D - a +1 vorpal long sword
   (You found it on level 4 of the Dungeon)
Missiles
 m - 3 javelins
 G - 2 throwing nets
Armour
 a - a +0 robe (worn)
 b - a +0 pair of gloves (worn)
 c - a +0 leather armour
 u - a +0 ring mail
Wands
 t - a wand of flame (17)
 v - a wand of acid (4)
 x - a wand of mindburst (6)
 J - a wand of polymorph (1)
Scrolls
 d - 2 scrolls of fog {unknown}
 e - a scroll of brand weapon {unknown}
 g - 3 scrolls of blinking {unknown}
 k - 2 scrolls of magic mapping {unknown}
 n - 4 scrolls of teleportation {unknown}
 r - a scroll of immolation {unknown}
 w - 2 scrolls of enchant weapon {unknown}
 y - 3 scrolls of identify {unknown}
 A - 2 scrolls of poison {unknown}
 C - 2 scrolls of amnesia {unknown}
 E - 2 scrolls of noise {unknown}
 I - 2 scrolls of enchant armour {unknown}
Potions
 f - 2 potions of degeneration
 i - a potion of heal wounds
 j - 3 potions of might {unknown}
 l - 4 potions of curing
 o - 2 potions of mutation {unknown}
 p - a potion of flight {unknown}
 q - a potion of brilliance {unknown}
 s - a potion of haste {unknown}
 z - a potion of magic {unknown}
 B - a potion of invisibility {unknown}
 F - 2 potions of berserk rage {unknown}
 H - 2 potions of attraction {unknown}


   Skills:
 + Level 4.8 Fighting
 + Level 3.9 Dodging
 - Level 1.7 Stealth
 * Level 5.1 Spellcasting
 - Level 4.2 Invocations


You had one spell level left.
You knew the following spells:

 Your Spells              Type           Power      Damage    Failure   Level
a - Shock                 Conj/Air       100%       1d9       1%          1
b - Static Discharge      Conj/Air       26%        3-7/arc   1%          2
c - Swiftness             Air            26%        N/A       4%          3
d - Airstrike             Air            13%        0-5+      13%         4
e - Summon Small Mammal   Summ           100%       N/A       1%          1
f - Call Imp              Summ           26%        N/A       1%          2
g - Conjure Flame         Conj/Fire      26%        6-21      4%          3
Your spell library was empty.

Dungeon Overview and Level Annotations

Branches:
Dungeon (6/15)
 Temple: D:4-7

Altars:
Cheibriados

Annotations:
D:4 Sigmund


Innate Abilities, Weirdness & Mutations

You are immune to sickness and miasma.
You are immune to poison.
Your flesh is very heat resistant. (rF++)
You are vulnerable to cold. (rC-)
You float through the air rather than walking.
You learn spells naturally, not from books.
Your magical power is your life essence.
You have superior vitality. (+4 MHP)


Message History

The orc wizard is moderately wounded.
The ice beast is struck by an arc of lightning.
The ice beast is lightly wounded.
The orc wizard is struck by an arc of lightning.
The orc wizard is severely wounded.
The lightning grounds out.
The orc warrior is struck by an arc of lightning!
The orc warrior is moderately wounded.
You are struck by an arc of lightning.
The lightning grounds out.
The orc wizard hits you but does no damage.
A white imp comes into view.
The orc warrior closely misses you.
Casting: Static Discharge (safe; 1% risk of failure)
Confirm with . or Enter, or press ? or * to list all spells.
The orc warrior is struck by an arc of lightning.
The orc warrior is heavily wounded.
You are struck by an arc of lightning.
The lightning grounds out.
The orc wizard hits you with a +0 dagger.
The orc warrior hits you with a +0 long sword!
* * * LOW HITPOINT WARNING * * *
Casting: Static Discharge (safe; 1% risk of failure)
Confirm with . or Enter, or press ? or * to list all spells.
The orc wizard is struck by an arc of lightning!
You kill the orc wizard!
Cheibriados appreciates the change of pace.
You are struck by an arc of lightning.
* * * LOW HITPOINT WARNING * * *
The orc warrior is struck by an arc of lightning.
The orc warrior is severely wounded.
You are struck by an arc of lightning.
* * * LOW HITPOINT WARNING * * *
The lightning grounds out.
The orc warrior is struck by an arc of lightning.
The orc warrior is severely wounded.
You are struck by an arc of lightning.
* * * LOW HITPOINT WARNING * * *
The lightning grounds out.
* * * LOW HITPOINT WARNING * * *
The orc warrior hits you with a +0 long sword!!
You die...

#.....# ....# #.....#
#...## #.....# #....###
##.....# #....#..
#......# #....#.#
#......######....#.#
#................#.##
#......########..#...
#.##@o..........^#...
#.##o##########......
####...Yo########.(....<
>................#.####..
<...##....#####.... #..
... #5..o# #.... ### .
#....# ##... ....... ....
..#######. ...


You could see an orc warrior (very poisoned), an ice beast, a white imp and 3
orcs.

Vanquished Creatures
  A black bear (D:5)
  3 centaurs (D:5)
  An ogre (D:5)
  A phantom (D:5)
  A kobold brigand (D:5)
  2 scorpions
  2 jellies (D:5)
  A hound (D:5)
  An orc priest (D:5)
  2 iguanas (D:5)
  Natasha (thrice) (D:3)
  An orc wizard (D:6)
  4 adders
  An ufetubus (D:4)
  A worm (D:2)
  3 dart slugs
  10 orcs
  5 ball pythons
  5 endoplasms
  3 giant cockroaches
  9 goblins
  6 hobgoblins
  4 jackals (D:3)
  9 kobolds
  2 quokkas
  4 bats
  A frilled lizard (D:2)
  2 rats
88 creatures vanquished.

Vanquished Creatures (others)
  A hound (D:5)
  An orc wizard (D:5)
2 creatures vanquished.

Grand Total: 90 creatures vanquished

Notes
Turn   | Place    | Note
-------+----------+-------------------------------------------
     0 | D:1      | RBrandon the Djinni Air Elementalist began the quest for
                  | the Orb.
     0 | D:1      | RBrandon set off with the following spells memorised:
                  | Shock, Static Discharge, Swiftness, Airstrike.
     0 | D:1      | Reached XP level 1. HP: 15/15 MP: 0/0
   454 | D:1      | Reached XP level 2. HP: 19/21 MP: 0/0
   867 | D:1      | Reached skill level 1 in Fighting
  1328 | D:1      | Reached XP level 3. HP: 24/27 MP: 0/0
  1328 | D:1      | Learned a level 1 spell: Summon Small Mammal
  1934 | D:2      | Found a faded altar of an unknown god.
  2150 | D:3      | Reached skill level 3 in Spellcasting
  2168 | D:3      | Reached XP level 4. HP: 22/33 MP: 0/0
  2429 | D:3      | Noticed Natasha
  2436 | D:3      | Killed Natasha
  2644 | D:3      | Found a snail-covered altar of Cheibriados.
  2649 | D:3      | Became a worshipper of Cheibriados the Contemplative
  2705 | D:3      | Noticed Natasha
  2714 | D:3      | Killed Natasha
  2715 | D:3      | Reached XP level 5. HP: 29/40 MP: 0/0
  2715 | D:3      | Learned a level 2 spell: Call Imp
  2887 | D:3      | Noticed Natasha
  3057 | D:3      | Killed Natasha
  3184 | D:3      | Reached * piety under Cheibriados
  3521 | D:4      | Noticed Sigmund
  3536 | D:3      | Reached XP level 6. HP: 27/47 MP: 0/0
  3872 | D:4      | Reached skill level 4 in Spellcasting
  4004 | D:4      | Reached skill level 1 in Invocations
  4200 | D:5      | Entered Level 5 of the Dungeon
  4200 | D:5      | Noticed a black bear
  4325 | D:5      | Noticed an ogre
  4709 | D:5      | Reached XP level 7. HP: 38/51 MP: 0/0
  4709 | D:5      | Learned a level 3 spell: Conjure Flame
  5311 | D:5      | HP: 1/51 [ogre/+0 giant spiked club (12)]
  5319 | D:5      | Reached XP level 8. HP: 26/58 MP: 0/0
  5938 | D:5      | Reached skill level 5 in Spellcasting
  6544 | D:6      | Slain by an orc warrior

Illustrated notes

Levels and vault maps discovered:
D:1:      wander_arrival_peaceful_grave, layout_loops_ring, dk_noncrumbling_4,
          feat_on_display
D:2:      layout_basic, dreamdust_ecumenical_altar_grove
D:3:      layout_loops_ring, gammafunk_temple_overflow_statue, uniq_natasha
D:4:      layout_gridville, kennysheep_nondescript, minmay_small_thing,
          uniq_sigmund
D:5:      layout_basic, minmay_manual_mares
D:6:      layout_basic, temple_fountains, uniq_duvessa

Skill      XL: |  1  2  3  4  5  6  7  8 |
---------------+-------------------------+-----
Fighting       | 1 2 3 4 |  4.8
Spellcasting   | 3 4 5 |  5.1
Invocations    | 2 4 |  4.2
Dodging        | 3 |  3.9
Stealth        | |  1.7

Action                   |  1- 3 |  4- 6 |  7- 9 || total
-------------------------+-------+-------+-------++-------
Melee: Short sword       |       |    47 |    27 ||    74
 Cast: Shock             |    81 |     9 |     3 ||    93
       Static Discharge  |       |    15 |    30 ||    45
       Call Imp          |       |     3 |       ||     3
       Conjure Flame     |       |       |     1 ||     1
Invok: Bend Time         |       |       |     2 ||     2
  Use: Potion            |       |       |     4 ||     4
 Stab: Sleeping          |       |     3 |       ||     3
Armor: Robe              |     5 |     9 |    15 ||    29
Dodge: Dodged            |    13 |    41 |    56 ||   110

Table legend: (Time is in decaauts)
 A = Elapsed time spent in this place.
 B = Non-inter-level travel time spent in this place.
 C = Inter-level travel time spent in this place.
 D = Time resting spent in this place.
 E = Time spent auto-exploring this place.
 F = Levels seen in this place.
 G = Mean time per level.
                   A        B        C        D        E       F      G
               +--------+--------+--------+--------+--------+-----+--------+
         Total |   7113 |   6894 |    219 |   2623 |   3096 |   6 | 1185.5 |
       Dungeon |   7113 |   6894 |    219 |   2623 |   3096 |   6 | 1185.5 |
               +--------+--------+--------+--------+--------+-----+--------+

Top non-repeatable levels by time:
     D:3: 1673 daAuts
     D:4: 1661 daAuts
     D:5: 1639 daAuts
     D:1: 1489 daAuts
     D:2: 595 daAuts
     D:6: 53 daAuts

Table legend:
 A = Kills in this place as a percentage of kills in entire the game.
 B = Kills by you in this place as a percentage of kills by you in the entire game.
 C = Kills by friends in this place as a percentage of kills by friends in the entire game.
 D = Other kills in this place as a percentage of other kills in the entire game.
 E = Experience gained in this place as a percentage of experience gained in the entire game.
 F = Experience gained in this place divided by the number of levels of this place that you have seen.
                   A       B       C       D       E      F
               +-------+-------+-------+-------+-------+----------------------
         Total | 100.0 | 100.0 |   N/A | 100.0 | 100.0 | 265.0
       Dungeon | 100.0 | 100.0 |   N/A | 100.0 | 100.0 | 265.0
               +-------+-------+-------+-------+-------+----------------------
